 Dungeon Crawl Stone Soup version 0.17-a0-124-gc3c9679 (console) character file.

143 Kellhus the Slasher (level 5, -6/41 HPs)
             Began as a Mummy Chaos Knight on Mar 22, 2015.
             Mangled by a steam dragon (12 damage)
             ... on level 3 of the Dungeon.
             The game lasted 00:04:34 (2921 turns).

Kellhus the Slasher (Mummy Chaos Knight)            Turns: 2921, Time: 00:04:35

Health: -6/41      AC:  6    Str: 16    XL:     5   Next: 4%
Magic:  5/5        EV: 11    Int: 11    God:    Xom [..*...]
Gold:   142        SH:  0    Dex: 11    Spells: 0 memorised, 4 levels left

rFire  x . .     SeeInvis .     a - +0 falchion (chaos)
rCold  + . .     Clarity  .     b - +2 leather armour
rNeg   + + +     SustAb   .     (no shield)
rPois  ∞         Gourm    .     (no helmet)
rElec  .         Spirit   .     l - +0 cloak
rCorr  .         Warding  .     (no gloves)
rMut   .         Stasis   .     (no boots)
MR     .....                    (no amulet)
Stlth  +.........               (no ring)
                                (no ring)

@: not resistant to hostile enchantments, very unstealthy
A: no food or potions, fire vulnerability, restore body, cold resistance 1,
negative energy resistance 3, poison resistance, torment resistance, unbreathing
a: Renounce Religion


You were on level 3 of the Dungeon.
You worshipped Xom.
You were a toy of Xom.
You were not hungry.

You visited 1 branch of the dungeon, and saw 3 of its levels.

You collected 142 gold pieces.

Inventory:

Hand weapons
 a - a +0 falchion of chaos (weapon)
 m - a +1 dagger of chaos
 o - a +0 blowgun
Missiles
 p - 5 poisoned needles
Armour
 b - a +2 leather armour (worn)
 l - a +0 cloak (worn)
Scrolls
 c - 5 scrolls of identify {unknown}
 d - a scroll of magic mapping {unknown}
 e - 2 scrolls of remove curse {unknown}
 f - a scroll of noise {unknown}
 g - a scroll of fog {unknown}
 h - 4 scrolls of amnesia {unknown}
 i - 3 scrolls of recharging {unknown}
 j - a scroll of teleportation {unknown}
 k - a scroll of enchant armour {unknown}
Books
 n - a book of Hinderance

   Spells                             Type                      Level
   a - Confusing Touch                Hexes                        2
   b - Confuse                        Hexes                        3
   c - Petrify                        Transmutation/Earth          4
   d - Metabolic Englaciation         Hexes/Ice                    5
   e - Gell's Gravitas                Hexes/Translocation          5
   f - Summon Mana Viper              Hexes/Summoning              5


   Skills:
 - Level 3.0 Fighting
 + Level 4.8 Long Blades
 - Level 1.5 Armour
 - Level 0.7 Dodging


You had 4 spell levels left.
You didn't know any spells.

Dungeon Overview and Level Annotations

Branches:
Dungeon (3/15)

Altars:
Dithmenos

Annotations:
D:2 Sigmund
D:3 HAL9000's ghost, average OgHu


Innate Abilities, Weirdness & Mutations

You do not eat or drink.
Your flesh is vulnerable to fire.
Your flesh is cold resistant.
You are immune to negative energy.
Your system is resistant to poisons.
You are immune to unholy pain and torment.
You can survive without breathing.


Message History

The steam dragon closely misses you. The steam dragon barely misses you.
The giant mite barely misses you.
Unknown command.
You hit the steam dragon but do no damage.
The steam dragon is heavily wounded.
The giant mite misses you.
Unknown command.
The steam dragon completely misses you.
The steam dragon claws you but does no damage.
The giant mite barely misses your quasit.
Unknown command.
You hit the steam dragon.
You feel better.
The steam dragon is heavily wounded.
The steam dragon bites you!
* * * LOW HITPOINT WARNING * * *
The steam dragon closely misses you.
You barely miss the steam dragon.
The steam dragon is heavily wounded.
The steam dragon bites you!
You die...

# ..#. ##.......## ##.....
#......... .................#
........ #...%..# #..._..W
##..$).#####
.........##.....(...(# ######
)..............#####(#
###....### ##.....##......s5#
#.# #.........
##..#..###.....#@#
#.###.#....###
#).###..##.....#D..#.....######
...###.....#######.#######
.#..#......### ... ########
.............. ... ... ..
####.......## ###. #.# #.
##....o..# #[####. #........##
#...... #....o<...# #######


You could see a steam dragon (berserk), a giant mite and a friendly quasit.

Vanquished Creatures
  6 adders
  2 gnolls (D:3)
  A giant mite (D:2)
  A worm (D:3)
  A giant gecko (D:2)
  An ooze (D:1)
  2 orcs
  10 goblins
  7 hobgoblins
  6 kobolds
  A ball python (D:1)
  8 bats
  6 giant newts
  10 rats
62 creatures vanquished.

Notes
Turn   | Place    | Note
--------------------------------------------------------------
     0 | D:1      | Kellhus, the Mummy Chaos Knight, began the quest for the Orb.
     0 | D:1      | Reached XP level 1. HP: 18/18 MP: 1/1
   291 | D:1      | Reached XP level 2. HP: 22/24 MP: 2/2
   387 | D:1      | XOM: harmless Fire miscast
   918 | D:2      | Reached XP level 3. HP: 22/29 MP: 3/3
  1121 | D:2      | XOM: harmless Ice miscast
  1166 | D:2      | Reached skill level 4 in Long Blades
  1295 | D:2      | Reached XP level 4. HP: 35/35 MP: 4/4
  1370 | D:2      | Noticed Sigmund
  1862 | D:2      | XOM: potion effect (heal wounds)
  2112 | D:3      | Found a shadowy altar of Dithmenos.
  2119 | D:3      | Noticed HAL9000's ghost (average OgHu)
  2314 | D:3      | XOM: medium Trmt miscast
  2350 | D:3      | XOM: silly message
  2353 | D:3      | Noticed a steam dragon
  2364 | D:3      | XOM: noise
  2407 | D:2      | XOM: god gift: runed dagger {god gift}
  2578 | D:2      | XOM: god gift: 2 needles of confusion
  2668 | D:3      | XOM: butterfly on damage
  2669 | D:3      | Reached XP level 5. HP: 21/41 MP: 5/5
  2911 | D:3      | XOM: summons friendly quasit
  2921 | D:3      | Mangled by a steam dragon

Action                   |  1- 3 |  4- 6 || total
-------------------------+-------+-------++-------
Melee: Falchion          |   106 |    98 ||   204
 Stab: Petrifying        |     1 |       ||     1
       Paralysed         |       |     1 ||     1
